12 | 0:00 | SCV | |
13 | 0:12 | SCV | |
14 | 0:17 | Supply Depot | |
14 | 0:24 | SCV | |
15 | 0:38 | SCV | |
15 | 0:39 | Barracks | |
16 | 0:44 | Refinery | |
16 | 0:50 | SCV | |
17 | 1:02 | SCV, Engineering Bay | |
18 | 1:15 | SCV | |
19 | 1:26 | Marine | |
19 | 1:27 | Orbital Command | |
19 | 1:31 | Supply Depot | |
20 | 1:47 | Factory | |
20 | 1:52 | SCV | |
21 | 2:03 | Barracks Reactor | |
21 | 2:04 | SCV | |
22 | 2:12 | Command Center | |
22 | 2:16 | SCV | |
23 | 2:28 | SCV | |
24 | 2:31 | Cyclone | |
24 | 2:32 | Supply Depot | |
24 | 2:35 | Refinery | |
26 | 2:39 | Marine | |
26 | 2:40 | Marine | |
26 | 2:42 | SCV | |
29 | 2:54 | SCV | |
30 | 3:05 | Barracks | |
30 | 3:06 | SCV | |
30 | 3:09 | Cyclone | |
30 | 3:10 | Cyclone | |
30 | 3:11 | Barracks Tech Lab | |
35 | 3:19 | SCV | |
36 | 3:29 | Marine | |
36 | 3:30 | Stimpack | |
36 | 3:31 | SCV | |
38 | 3:41 | Orbital Command | |
38 | 3:43 | Cyclone | |
38 | 3:45 | SCV | |
38 | 3:46 | Cyclone | |
43 | 3:54 | Barracks Reactor | |
43 | 3:57 | SCV | |
43 | 4:02 | Supply Depot | |
44 | 4:03 | Barracks | |
44 | 4:07 | SCV | |
44 | 4:09 | SCV | |
46 | 4:14 | Marine | |
44 | 4:19 | Cyclone | |
44 | 4:22 | SCV x2 | |
47 | 4:25 | Cyclone | |
49 | 4:31 | Marine | |
49 | 4:34 | SCV x2 | |
49 | 4:35 | Marine x2 | |
52 | 4:40 | Supply Depot | |
49 | 4:46 | SCV | |
49 | 4:47 | SCV | |
51 | 4:54 | Marine x3, Engineering Bay | |
49 | 5:00 | SCV x2, Starport | |
49 | 5:04 | Barracks Tech Lab, Refinery | |
51 | 5:07 | Supply Depot | |
51 | 5:11 | Combat Shield | |
51 | 5:12 | SCV x2, Marine x3 | |
56 | 5:16 | Factory Reactor | |
56 | 5:21 | Terran Infantry Weapons Level 1 | |
56 | 5:24 | SCV x2, Marine | |
59 | 5:30 | Marine, Refinery | |
59 | 5:32 | Supply Depot | |
60 | 5:38 | SCV x2 | |
60 | 5:42 | Medivac | |
64 | 5:43 | Marine x3 | |
64 | 5:46 | Supply Depot, Medivac | |
64 | 5:48 | Marine | |
70 | 5:50 | SCV | |
70 | 5:51 | SCV | |
70 | 5:54 | Widow Mine x2 | |
76 | 6:00 | Supply Depot | |
76 | 6:01 | Concussive Shells | |
76 | 6:02 | Marauder x2 | |
76 | 6:03 | Marine | |
81 | 6:06 | Marine | |
82 | 6:11 | Supply Depot | |
82 | 6:18 | Widow Mine x2, Medivac | |
88 | 6:27 | Command Center | |
88 | 6:29 | Marine, Marauder | |
88 | 6:32 | Marine, Marauder | |
93 | 6:36 | Medivac | |
96 | 6:48 | Medivac | |
96 | 6:50 | Widow Mine | |
96 | 6:51 | Barracks x2 | |
100 | 6:56 | SCV x2 | |
100 | 7:00 | Marine x2, Marauder x2 | |
108 | 7:06 | Supply Depot | |
108 | 7:15 | SCV x2, Terran Infantry Armor Level 1 | |
110 | 7:26 | Engineering Bay, Armory | |
110 | 7:27 | Viking x2 | |
114 | 7:30 | SCV x2 | |
114 | 7:33 | Supply Depot, Marauder | |
118 | 7:39 | Orbital Command, Marauder | |
118 | 7:42 | SCV x2, Missile Turret, Barracks Reactor | |
118 | 7:43 | Barracks Tech Lab | |
122 | 7:47 | Marine x2 | |
124 | 8:02 | Marauder x3, Viking | |
124 | 8:03 | Viking | |
124 | 8:05 | SCV x3 | |
135 | 8:08 | Supply Depot x2 | |
135 | 8:17 | SCV x3 | |
138 | 8:22 | Terran Infantry Weapons Level 2 | |
138 | 8:23 | Supply Depot | |
138 | 8:28 | Refinery, Marauder | |
138 | 8:29 | SCV x3, Refinery | |
138 | 8:30 | Marauder x2 | |
147 | 8:34 | Supply Depot | |
147 | 8:36 | Viking | |
147 | 8:37 | Supply Depot | |
147 | 8:39 | Viking | |
151 | 8:49 | SCV | |
151 | 8:50 | SCV x2 | |
151 | 8:52 | Supply Depot, Ghost Academy | |
154 | 8:58 | Marine x3, Marauder x2 | |
154 | 8:59 | Marauder | |
161 | 9:15 | Terran Infantry Armor Level 2 | |
159 | 9:23 | Ghost | |
159 | 9:24 | Supply Depot x2, Ghost, Bunker | |
161 | 9:28 | Ghost | |
165 | 9:31 | Command Center | |
165 | 9:32 | Marine x4 | |
169 | 9:39 | Viking | |
169 | 9:41 | Viking | |
169 | 9:43 | Missile Turret | |
173 | 9:48 | SCV x3 | |
174 | 9:54 | Terran Ship Weapons Level 1, Barracks | |
174 | 9:55 | Barracks x2 | |
174 | 10:00 | Ghost x2 | |
174 | 10:05 | Ghost | |
180 | 10:09 | Marine x4 | |
180 | 10:12 | Viking | |
186 | 10:14 | SCV x2 | |
186 | 10:15 | SCV | |
189 | 10:29 | Viking | |
189 | 10:31 | Missile Turret | |
189 | 10:34 | Missile Turret | |
191 | 10:38 | SCV x3 | |
191 | 10:39 | Factory Reactor | |
191 | 10:40 | Starport | |
191 | 10:41 | Refinery x2 | |
191 | 10:42 | Viking | |
194 | 10:44 | Terran Infantry Weapons Level 3 | |
196 | 10:50 | Barracks Tech Lab x2, Barracks Reactor | |
196 | 11:06 | Marauder | |
196 | 11:07 | Marauder | |
196 | 11:09 | Planetary Fortress | |
196 | 11:10 | Command Center | |
196 | 11:11 | Command Center | |
200 | 11:15 | Fusion Core | |
200 | 11:34 | Terran Infantry Armor Level 3 | |
200 | 11:51 | Terran Ship Weapons Level 2 | |
198 | 12:02 | Advanced Ballistics, Command Center | |
198 | 12:03 | Command Center | |
198 | 12:07 | Missile Turret | |
198 | 12:32 | Orbital Command | |
198 | 12:37 | Command Center | |
198 | 12:40 | Command Center | |
194 | 13:05 | Liberator x2 | |
200 | 13:12 | Planetary Fortress | |
200 | 13:16 | Orbital Command | |
200 | 13:20 | Command Center | |
200 | 13:21 | Command Center | |
200 | 13:30 | Barracks | |
200 | 13:31 | Barracks | |
200 | 13:32 | Barracks | |
184 | 13:36 | Marauder | |
184 | 13:37 | Liberator x2 | |
183 | 13:47 | Liberator, Ghost | |
183 | 13:48 | Ghost x2 | |
180 | 13:50 | Planetary Fortress | |
180 | 13:51 | Hi-Sec Auto Tracking | |
181 | 14:01 | Liberator | |
182 | 14:11 | Orbital Command x2, Neosteel Armor | |
182 | 14:19 | Liberator, Terran Ship Weapons Level 3 | |
182 | 14:20 | Barracks Tech Lab x2, Barracks Reactor | |
182 | 14:22 | Sensor Tower | |
184 | 14:26 | Liberator | |
184 | 14:30 | Liberator | |
178 | 14:42 | Ghost x3 | |
178 | 14:43 | Liberator | |
184 | 14:46 | SCV x4 | |
187 | 14:57 | Marauder | |
187 | 14:58 | Marauder | |
189 | 15:02 | Marine x3 | |
192 | 15:13 | Liberator x2 | |
179 | 15:26 | Marine, Marauder x4 | |
142 | 15:38 | Marauder x3 | |
142 | 15:39 | Marine x6 | |
142 | 15:41 | Marine | |
142 | 15:42 | Liberator x2 | |
132 | 15:44 | Marine | |
132 | 15:47 | Marauder | |
132 | 15:49 | SCV x2 | |
144 | 15:50 | Planetary Fortress, SCV x2 | |
144 | 15:52 | SCV x3 | |
144 | 15:55 | Marauder x3 | |
144 | 15:56 | Liberator | |
157 | 15:59 | Marauder x2 | |
161 | 16:05 | Ghost | |
161 | 16:08 | Marine x2, Ghost | |
161 | 16:09 | Marine | |
161 | 16:10 | Caduceus Reactor | |
168 | 16:19 | Ghost | |
170 | 16:36 | Ghost x2 | |
174 | 16:42 | Missile Turret | |
174 | 16:43 | SCV x2 | |
174 | 16:44 | SCV x2 | |
174 | 16:45 | Missile Turret | |
178 | 16:52 | Sensor Tower | |
178 | 16:53 | Sensor Tower | |
178 | 17:03 | Liberator x4 | |
193 | 17:08 | Marauder x2 | |
193 | 17:09 | Marauder x2 | |
193 | 17:10 | Marine x3 | |
189 | 17:32 | Marine | |
174 | 17:45 | SCV x2 | |
174 | 17:46 | Viking x4 | |
174 | 17:47 | Marine x4 | |
187 | 18:12 | Ghost x4 | |
189 | 18:16 | Viking x2 | |
190 | 18:20 | Marauder | |
190 | 18:24 | Viking x2 | |
196 | 18:37 | Command Center | |
196 | 18:50 | Terran Vehicle And Ship Armor Level 1 | |
196 | 18:53 | Personal Cloaking | |
196 | 19:04 | Command Center | |
196 | 19:14 | Liberator x3 | |
193 | 19:46 | Orbital Command | |
193 | 19:48 | Liberator | |
189 | 20:03 | Sensor Tower | |
183 | 20:09 | Marauder x3 | |
183 | 20:10 | Liberator x3 | |
183 | 20:11 | Orbital Command | |
198 | 20:15 | Orbital Command | |
198 | 20:16 | Orbital Command, Refinery | |
198 | 20:18 | Refinery | |
198 | 20:19 | Nuke | |
198 | 20:20 | Missile Turret | |
195 | 20:27 | Refinery | |
195 | 20:28 | Missile Turret | |
195 | 20:30 | Refinery | |
195 | 20:33 | Orbital Command | |
195 | 20:39 | Liberator | |
184 | 21:00 | SCV x2 | |
184 | 21:01 | SCV x3 | |
179 | 21:06 | Planetary Fortress | |
179 | 21:07 | Missile Turret | |
179 | 21:12 | SCV | |
180 | 21:51 | Liberator, Missile Turret | |
180 | 21:52 | Liberator | |
182 | 22:05 | Marine, Marauder x3 | |
182 | 22:06 | Marine x5 | |
193 | 22:16 | Marine x3 | |
196 | 22:23 | Marine | |
196 | 22:24 | Marine | |
196 | 22:26 | Marauder x2 | |
191 | 22:52 | Marauder | |
191 | 22:53 | Marauder | |
191 | 22:54 | Orbital Command | |
191 | 22:56 | Marine | |
185 | 23:17 | Marine x4, Marauder x4 | |
197 | 23:23 | Marine | |
143 | 23:35 | Marine x4 | |
143 | 23:38 | Marine x2 | |
143 | 23:40 | Marine x2 | |
143 | 23:41 | Marine | |
137 | 23:44 | Liberator x4 | |
150 | 23:53 | Marine x4 | |
154 | 23:55 | Marine | |
154 | 23:56 | Marine | |
154 | 23:58 | Marine, Marauder | |
154 | 23:59 | Marine | |
157 | 24:10 | Marine x2 | |
157 | 24:14 | Marauder | |
157 | 24:16 | Marine x4 | |
165 | 24:17 | Marine | |
165 | 24:19 | Marine | |
166 | 24:27 | Liberator x4 | |
166 | 24:28 | Marine x2 | |
162 | 24:33 | Orbital Command | |
162 | 24:34 | Marine x2, Marauder x2 | |
162 | 24:35 | Marine, Marauder | |
162 | 24:37 | Marine | |
153 | 24:46 | Marine x2 | |
153 | 24:51 | Orbital Command, Marine x2 | |
157 | 24:53 | Marine | |
157 | 24:55 | Marauder | |
157 | 24:56 | Marine, Marauder x2 | |
165 | 25:04 | Marine x2 | |
167 | 25:09 | Marine x2, Liberator | |
167 | 25:10 | Medivac x3 | |
167 | 25:11 | Marine | |
179 | 25:14 | Marauder | |
179 | 25:16 | Marine | |
179 | 25:17 | Marauder x2 | |
181 | 25:22 | Marine x2 | |
181 | 25:27 | Marine x2 | |
182 | 25:29 | Marine | |
182 | 25:35 | Marauder | |
176 | 25:36 | Marauder | |
176 | 25:38 | Marauder x2 | |
176 | 25:40 | Marine x2 | |
176 | 25:41 | Medivac x2 | |
184 | 25:45 | Marine | |
181 | 25:56 | Marauder | |
183 | 25:57 | Marauder | |
183 | 25:59 | Marauder | |
183 | 26:00 | Marauder | |
183 | 26:01 | Orbital Command | |